[Event "2021 WA Open tournament, Reserve U1600 "]
[Site "Chess.com"]
[Date "2021.05.30"]
[Round "3"]
[White "Betz, Parker"]
[Black "Razmov, Gabriel"]
[Result "0-1"]
[ECO "B01"]
[WhiteElo "1588"]
[BlackElo "1495"]
[Annotator "Gabriel Razmov"]
[PlyCount "140"]
[EventDate "2021.??.??"]
[TimeControl "6000+30"]

1. e4 d5 2. exd5 Qxd5 3. Nc3 Qa5 4. d4 Nf6 5. Bc4 Bf5
(5... Nc6 {is a weird move to play in an opening like a Scandinavian, since
usually you would play ...c6, but for some reason, the computer likes it.}) 6.
Nf3 c6 7. Bg5 ({In some cases, an earlier} 7. Ne5 {could end up benefiting
White. Apparently, here it is good to do so. In my experience, in the
Scandinavian, I have seen Ne5 played by White, but almost always around move
10.}) 7... Nbd7 8. O-O ({The computer points out the interesting alternative} 
8. Bd2 {, which seems counterintuitive because you just put the White Bishop
on g5, and now you are retreating it. The idea is to create a discovered
attack like Nd5 or Ne4, which would force the Black Queen to retreat to c7 or
d8, depending on where the Knight lands.}) 8... e6 9. h3 $6 {A bit premature.}
(9. Bf4 {Again, Komodo suggests a retreating Bishop move, which further
supports Ne5 and removes the c7-square from use of the Black Queen. It also
runs away from a h7-h6 tempo later on. Often, you might play Qc7 early, just
to stop Bf4 from happening, since playing g3 to play Bf4 is a weakening.}) 9...
Be7 (9... Bd6 {developing the Bishop was also good here.}) 10. Re1 O-O {
Up to here, I have pretty much been blitzing out the opening, because I have
experience with it. After around move 10, I always start thinking, though I
still know some general middlegame plans/ideas for Black.} (10... h6 {is
another possibility.}) 11. Ne5 $6 (11. Bf4) 11... Qd8 $6 (11... Nxe5 {here was
better, for instance} 12. dxe5 Nd5 13. Bxe7 Nxe7 14. Qe2 Rfd8) 12. Bf4 (12. g4
{was also possible.} Bg6 13. Nxg6 hxg6 {with approximate equality.}) 12... Nb6
13. Bb3 (13. Bf1 {is another possibility.}) 13... Nbd5 (13... h6 {was also
good, even though it no longer gets a tempo on the Bishop.}) 14. Nxd5 cxd5 {
Opening the c-file.} 15. c3 (15. g4 {was again possible.} Bg6) 15... Rc8 $6 {
Rushing a bit too much. 15... h6 would have still been good.} 16. Bc2 $6 {
Returning the favor, but at the same time trying to trade the Bishops.} Bxc2 {
I oblige.} (16... Ne4 17. Qe2 Nd6 {trying to get to c4, is a worthwhile
alternative idea.}) 17. Qxc2 Bd6 (17... Ne4 {was again good here.}) 18. Bg5 h6
19. Bh4 ({The engine also likes} 19. Bxf6 {, doubling the pawns.}) 19... Be7 {
Unpinning.} 20. Qa4 a6 21. Bxf6 Bxf6 22. Nd7 Re8 23. Nc5 Qc7 24. Qb3 Rb8 25.
Na4 $2 {Handing the advantage over to Black.} (25. Nd3 {getting out of any
possible trouble was better.}) 25... b6 $1 26. Rac1 $6 (26. Qd1 {was almost
forced here, to play b3 and give the b2-square to the Knight as an escape
route.}) 26... Rec8 $6 {I should have played ... Bg5, attacking the Rook on c1,
followed by going back ... Be7.} 27. Qd1 {My opponent finds the escape on
second chance.} Be7 28. b3 $2 {Losing. I was 100\% expecting b4 from my
opponent.} Ba3 $1 {I had foreseen this win of a pawn.} 29. Rc2 b5 30. Nc5 Bxc5
31. dxc5 Qxc5 32. Qg4 d4 33. c4 bxc4 $2 {Giving away a lot of my advantage. 33.
.. Rd8 was much better than taking.} 34. Rxc4 $1 {Of course! Now I don't get
to push my pawn home, and I had to find some creative ideas not to give away
my advantage.} Qa5 $1 35. b4 Qxa2 36. Rxd4 {Trading Rooks on c8 and then
playing Qxd4 was also good.} Rb5 37. Rf4 Rcb8 $6 {Ok, but 37... Qd2 was even
better.} 38. Qf3 e5 39. Rfe4 Rxb4 (39... Qe6 {was better, since} 40. Qc3 Rc8)
40. Rxe5 Rb1 41. Qd3 $6 {Handing Black even stronger advantage.} Rxe1+ $6 (
41... Qa1 {was better, since} 42. Re8+ $6 Rxe8 {the White Rook is pinned.} 43.
Rxb1 Re1+ 44. Rxe1 Qxe1+ 45. Kh2) 42. Rxe1 a5 43. g3 $6 (43. Re7 {trying to
counterattack was a better choice, though still advantageous for Black.}) 43...
a4 44. Kg2 $6 (44. Re7 {still had to be played.}) 44... a3 $2 {Losing
everything I had worked for!} (44... Qb3 {was still winning, but I think I was
a bit too confident. Too overconfident, to be precise.}) 45. Re2 Qa1 46. Qd6 $1
Ra8 47. Qd5 Ra4 $4 {Losing!} (47... Rb8 {would have kept a slight edge for
Black, though the most likely result here would be a draw.}) 48. Re8+ Kh7 49.
Qf5+ $4 {Equal again! The evaluation bar must have been having a heart attack
around here. :)} (49. Qxf7 {was winning, since} a2 50. Qf5+ g6 51. Re7+ {
. Both of us missed this!}) 49... g6 50. Qxf7+ Qg7 51. Qa2 Ra7 52. Rb8 h5 53.
h4 Qe5 54. Rb3 $4 {Losing again!} (54. Qg8+ {, and my plan was} Kh6 55. Qf8+ $2
(55. Rb6 Qg7 {was still equal.}) 55... Qg7 {, winning!}) 54... Qc5 $4 {And as
soon as I played this, I almost slapped my forehead for missing a simple win.}
(54... Qd5+ $1 {wins, since} 55. Kh2 Qxb3 $3 {. I utilized a similar idea to
win the game, but I missed it here!}) 55. Re3 Qd6 56. Re6 $4 (56. Re1 {and a
lot of other moves were still equal.}) 56... Qxe6 $3 {Finally!} 57. Qxe6 a2 58.
g4 hxg4 $6 {Making a Queen right away was also good, and probably better.} 59.
h5 $1 {Now, I have to dodge persistent checks from White's Queen.} a1=Q 60.
Qxg6+ Kh8 61. Qe8+ $6 (61. Qh6+ {was a better try, but still lost for White.})
61... Kg7 62. Qg6+ Kf8 63. Qf5+ Rf7 64. Qc5+ Kg8 65. Qg5+ Qg7 66. Qd8+ Kh7 67.
Qd3+ Kh6 68. Qd6+ Rf6 69. Qd2+ Qg5 {After this, the checks are done.} 70. Qd8
$2 Rxf2+ {Gabriel Razmov won by resignation Here, my opponent decided to
resign, since he would be down a full Queen, and he knows I am good enough to
engineer a checkmate. Overall, a very good game and good ideas for counterplay
by White around moves 45-50. I feel like the part I really got the advantage
in was when his Knight was almost trapped on the side of the board. After that,
he valiantly fought back to winning on move 49 but missed the chance, after
which the only reason I won this game was his final game-changing blunder (56.
Re6??). Otherwise, I'm almost positive we would have split the point.} 0-1

[Event "Washington Open"]
[Site "Chess.com"]
[Date "2021.05.31"]
[Round "6"]
[White "Whale, Nicholas"]
[Black "Bell, Harry"]
[Result "0-1"]
[ECO "A36"]
[WhiteElo "2080"]
[BlackElo "2000"]
[Annotator "Harry Bell"]
[PlyCount "110"]
[EventDate "2021.05.29"]
[TimeControl "6000+30"]

1. e4 c5 2. c4 Nc6 3. Nc3 g6 4. g3 Bg7 5. Bg2 Nf6 6. Nge2 d6 7. O-O e5 {
The computer says that launching the h pawn (7... h5) at this point is
indicated instead.} 8. d3 O-O 9. h3 Nd4 10. Be3 Be6 {No need to play h6 first
before moving the bishop here since the knight cannot harrass it on g5.} 11.
Rb1 a5 12. f4 Ne8 13. Nd5 Nc7 {The computer hates this knight manuever,
preferring exchanging both white knights followed by and moving the knight
back to f61} (13... Nxe2+ 14. Qxe2 Bxd5 15. cxd5 exf4 16. Rxf4) 14. Nec3 {
white missed a cruhing f5 push with:} (14. Nxc7 Qxc7 15. f5 gxf5 16. Bxd4 cxd4
17. exf5) 14... Nxd5 15. Nxd5 Bxd5 16. cxd5 Qe7 17. Bxd4 exd4 18. Qb3 Qd7 19.
Rbe1 Rfe8 20. g4 f6 21. Qd1 b5 22. h4 h6 23. g5 hxg5 24. hxg5 fxg5 25. f5 {
Now my bishop can come to e5 and block the e and f files.} Be5 26. fxg6 Bf4 27.
Qh5 Qg7 28. Bh3 Qh8 29. Qxh8+ Kxh8 30. Bd7 Reb8 31. Kf2 Kg7 32. Rh1 Rh8 33.
Bxb5 Kxg6 34. b3 g4 {I think I realized here that my g pawn would wind up on
h2 protected forever by my unopposed dark bishop.} 35. Kg2 g3 36. Ref1 Be5 37.
Bd7 Rh2+ 38. Rxh2 gxh2 39. Bf5+ Kh5 40. Be6 Kg6 41. Bf5+ Kg7 42. Be6 a4 43. Bd7
axb3 44. axb3 Ra2+ {Now nothing can be done about the ensuing mate on g1.} 45.
Kh1 Kg6 46. Bf5+ Kg5 47. Bd7 Kh4 48. Be8 Rb2 49. Ba4 Kg3 50. Bb5 Rxb3 51. Bc4
Rb2 52. Ba6 Rd2 53. Bc4 Bf4 54. Bb5 Be3 55. e5 Rg2 {hbell11 won by resignation
Game may have continued...} (55... Rg2 56. Rf3+ Kxf3 57. Bd7 Kg3 58. Bg4 Rg1# ) 0-1

[Event "Washington Open"]
[Site "Chess.com"]
[Date "2021.05.30"]
[Round "4"]
[White "Perez, Igancio"]
[Black "Bell, Harry"]
[Result "0-1"]
[ECO "D15"]
[WhiteElo "2229"]
[BlackElo "2000"]
[Annotator "Harry Bell"]
[PlyCount "118"]
[EventDate "2021.05.29"]
[TimeControl "6000+30"]

1. d4 d5 2. c4 c6 3. Nc3 Nf6 4. Nf3 a6 5. Bg5 Ne4 6. Bf4 Qa5 7. Rc1 e6 8. e3
Bb4 9. Be2 Nxc3 10. bxc3 Bxc3+ 11. Kf1 Nd7 12. c5 {Around here I realized I
might have difficulty extricating my bishop and queen.} Bb4 13. Bd3 Qd8 14. h4
Ba5 15. Qc2 h6 16. Rh3 Bc7 17. Bxc7 Qxc7 18. Rg3 Kf8 (18... O-O) 19. Re1 f5 20.
Rg6 Kf7 21. h5 Nf6 (21... Rf8) 22. Ne5+ Kf8 23. f3 Bd7 24. g4 Be8 25. Qh2 (25.
gxf5) 25... Kg8 {Avoiding the loss of my queen} (25... Bxg6 26. Nxg6+) 26. gxf5
Bxg6 27. fxg6 Nd7 28. Kf2 Nxe5 29. dxe5 Qe7 30. Bf1 Kf8 31. Rb1 Ke8 32. f4 Rf8
33. Qg3 Kd8 34. Bh3 Kc7 35. f5 Qxc5 36. Kg1 Qc2 37. Rf1 Rxf5 38. Bxf5 exf5 39.
e6+ Kb6 40. Qe5 Qe4 41. Qxe4 dxe4 {Now if 42. Rxf5 my rook has time to capture
the e and h pawns} 42. Rd1 Re8 43. Rd7 c5 44. Kf2 Rxe6 {It looks like I was
technically lost after this move. 44...c4 was necessary.} 45. Rxg7 c4 46. Ke2 (
46. Rh7 c3 47. g7 Re8 48. Rxh6+ Kb5 49. Rg6) 46... Rd6 47. Rf7 c3 48. Rxf5 Rd2+
49. Ke1 Rg2 (49... Rd7) 50. Kd1 Kc6 51. Re5 b5 52. Rxe4 Kc5 53. Re8 Kc4 54. Rd8
a5 55. e4 b4 56. e5 a4 57. e6 b3 58. axb3+ axb3 59. e7 c2+ {hbell11 won by
resignation} 0-1

[Event "Washington Open"]
[Site "Chess.com"]
[Date "2021.05.30"]
[Round "3"]
[White "Bell, Harry"]
[Black "Yadav, Arjun"]
[Result "1-0"]
[ECO "A36"]
[WhiteElo "2000"]
[BlackElo "553"]
[Annotator "Harry Bell"]
[PlyCount "152"]
[EventDate "2021.05.29"]
[TimeControl "6000+30"]

1. c4 c5 2.
Nc3 Nc6 3. g3 g6 4. Bg2 Bg7 5. e4 d6 6. Nge2 a6 7. O-O Rb8 8. a4 Nf6 9. d3 h5
10. h3 Bd7 11. Nd5 O-O 12. Be3 e6 13. Ndc3 Nb4 14. Qd2 $2 (14. e5 dxe5 15. Bxc5
{wins the exchange for a pawn.}) 14... Bc6 15. e5 $2 {Now this is not good.}
Nh7 16. exd6 Qxd6 17. d4 Bxg2 18. Kxg2 cxd4 19. Nxd4 Rfd8 20. Rfd1 Bxd4 $2 (
20... Qc5 21. Nf3 Rxd2 22. Bxc5 Rxb2 {puts white a clean pawn ahead}) 21. Qxd4
Qxd4 22. Rxd4 Rxd4 23. Bxd4 Rd8 24. Rd1 Nc2 25. Bb6 Rxd1 26. Nxd1 Kf8 27. Bc5+
{Now the knight on c2 will be hard pressed to escape} Ke8 28. Ne3 Ne1+ 29. Kf1
Nd3 30. Bd4 Kd7 $2 (30... e5 $2) 31. Nc2 Kd6 32. Ke2 Nc1+ 33. Ke3 e5 34. Bc3
Na2 35. Bd2 Kc5 36. Kd3 $2 (36. b3) 36... Nf6 $2 (36... e4+) 37. b4+ Kc6 38. f3
Nd7 39. Ne3 b5 40. axb5+ axb5 41. c5 Nb8 42. Kc2 Na6 43. Kb3 N2xb4 44. Bxb4
Nxc5+ 45. Kc3 Ne6 46. Be7 Nd4 47. f4 exf4 48. Kxd4 fxe3 49. Kxe3 Kd5 50. Kf4
Ke6 51. Bb4 f6 52. Ke4 g5 53. Kd4 Kf5 54. Be7 Ke6 55. Bd8 $2 (55. Bb4) 55... g4
$4 56. h4 {Now the win is easy.} f5 57. Bc7 Kd7 58. Bf4 Ke6 59. Kc5 Kf6 60.
Kxb5 Ke6 61. Kc5 Kf7 62. Kd6 Kg6 63. Ke6 Kg7 64. Kxf5 Kf7 65. Kg5 Kg7 66. Kxh5
Kh7 67. Kxg4 Kg6 68. h5+ Kg7 69. Kf5 Kh8 70. g4 Kh7 71. g5 Kg8 72. Kg6 Kh8 73.
h6 Kg8 74. h7+ Kf8 75. h8=Q+ Ke7 76. Qf6+ Kd7 {hbell11 won by resignation Game
may have continued...} (76... Kd7 77. Kf7 Kc8 78. Qc6+ Kd8 79. Qc7# ) 1-0